 Dungeon Crawl Stone Soup version 0.18-a0-1285-g60d00e1 (webtiles) character file.

1215 Gagarin the Shield-Bearer (level 8, -2/70 HPs)
             Began as a Minotaur Fighter on Feb 8, 2016.
             Was a High Priest of Jiyva.
             Slain by Menkaure (22 damage)
             ... on level 7 of the Dungeon.
             The game lasted 00:15:23 (5308 turns).

Gagarin the Shield-Bearer (Minotaur Fighter)        Turns: 5308, Time: 00:15:23

Health: -2/70      AC: 10    Str: 15    XL:     8   Next: 22%
Magic:  7/7        EV: 13    Int:  7    God:    Jiyva [*****.]
Gold:   270        SH: 11    Dex: 16    Spells: 0 memorised, 7 levels left

rFire  + . .     SeeInvis .     m - +2 mace (crush)
rCold  . . .     Gourm    .     r - +2 leather armour {rF+}
rNeg   . . .     Faith    .     c - +0 shield
rPois  .         Spirit   .     (helmet restricted)
rElec  .         Dismiss  .     u - +0 cloak
rCorr  +         Reflect  .     B - +2 pair of gloves
SustAt .         Harm     .     (no boots)
MR     .....                    (no amulet)
Stlth  ++........               (no ring)
                                (no ring)

@: not resistant to hostile enchantments, unstealthy
A: retaliatory headbutt, horns 2, wild magic 1
a: Request Jelly, Jelly Paralyse, Slimify, Cure Bad Mutation, Renounce Religion


You were on level 7 of the Dungeon.
You worshipped Jiyva.
Jiyva was extremely pleased with you.
You were not hungry.

You visited 1 branch of the dungeon, and saw 7 of its levels.

You collected 270 gold pieces.

Inventory:

Hand Weapons
 m - a +2 mace of crushing (weapon)
Armour
 c - a +0 shield (worn)
 r - a +2 leather armour of fire resistance (worn)
 s - a +0 pair of gloves
 u - a +0 cloak (worn)
 B - a +2 pair of gloves (worn)
Jewellery
 z - an uncursed ring of flight {unknown}
Scrolls
 a - a scroll of amnesia {unknown}
 e - a scroll of blinking
 g - a scroll of enchant weapon {unknown}
 l - a scroll of identify
 n - a scroll of remove curse {unknown}
 t - 2 scrolls of fog {unknown}
 v - 2 scrolls of teleportation {unknown}
 y - a scroll of immolation {unknown}
Potions
 b - a potion of brilliance {unknown}
 d - 2 potions of might
 i - a potion of curing
 j - 2 potions of heal wounds
 p - a potion of flight {unknown}
 q - a potion of cure mutation {unknown}
 x - a potion of lignification {unknown}
 A - 2 potions of agility {unknown}
Books
 w - a book of the Tempests

   Spells                             Type                      Level
   a - Static Discharge               Conjuration/Air              3
   b - Lightning Bolt                 Conjuration/Air              5
   c - Fireball                       Conjuration/Fire             5
   d - Tornado                        Air                          9
   e - Shatter                        Earth                        9
Comestibles
 f - 4 bread rations
 h - 4 fruits
 k - a meat ration


   Skills:
 + Level 5.9 Fighting
   Level 2.6 Long Blades
 + Level 3.6 Maces & Flails
 + Level 5.3 Armour
 + Level 4.7 Dodging
 + Level 2.0 Stealth
 + Level 7.7 Shields


You had 7 spell levels left.
You didn't know any spells.

Dungeon Overview and Level Annotations

Branches:
Dungeon (7/15)             Temple (0/1) D:5

Altars:
Ashenzari
Cheibriados
Dithmenos
Kikubaaqudgha
Pakellas
Jiyva

Annotations:
D:5 exclusion: oklob sapling
D:7 Menkaure


Innate Abilities, Weirdness & Mutations

You reflexively headbutt those who attack you in melee.
You have a pair of horns on your head.
Your spells are a little harder to cast, but a little more powerful.


Message History

The giant frog is almost dead.
The giant frog hits you.
* * * LOW HITPOINT WARNING * * *
Drink which item? (? for menu, Esc to quit)
You feel better. The giant frog barely misses you.
The giant frog hits you but does no damage.
You sock the giant frog!
You kill the giant frog!
You barely miss the kobold. The kobold completely misses you.
You sock the kobold!
You kill the kobold!
Menkaure hums drily.
Drink which item? (? for menu, Esc to quit)
It was a potion of heal wounds.
You feel much better.
Menkaure calls on the powers of darkness!
Your body is wracked with pain!
* * * LOW HITPOINT WARNING * * *
The kobold convulses!
Menkaure hits you!!
You die...

#.# .# #.# #.# #.#
#.# #.# #K#
#M############# #
#.#KKM@.......)
#.###K#o###########
###.....#.#
........#K#
####....#.#
#......# ########


You could see Menkaure, an orc and 2 kobolds.

Vanquished Creatures
  Sigmund (D:4)
  An ice beast (D:5)
  A slave (D:4)
  2 phantoms
  4 ogres (D:6)
  A giant frog (D:7)
  2 scorpions
  A hound (D:6)
  2 orc priests
  A centaur skeleton (D:6)
  2 iguanas
  Jessica (D:2)
  Ijyb (D:2)
  2 orc wizards
  4 worker ants
  A hound skeleton (D:4)
  A mummy (D:6)
  3 adders (D:5)
  10 gnolls
  An adder zombie (D:6)
  5 worms
  A giant gecko (D:1)
  2 orcs
  3 giant cockroaches
  10 goblins
  2 hobgoblins
  3 jackals (D:5)
  7 kobolds
  3 quokkas
  A ball python (D:1)
  8 bats
  2 rats
89 creatures vanquished.

Vanquished Creatures (others)
  Pikel (D:4)
  A slave (D:4)
  A big kobold (D:7)
  12 jellies
  Natasha (thrice) (D:4)
  3 adders
  A giant gecko (D:3)
  A bat (D:3)
  2 giant cockroaches
  2 goblins
  3 hobgoblins
  2 giant newts (D:2)
  3 kobolds
  A rat (D:3)
36 creatures vanquished.

Grand Total: 125 creatures vanquished

Notes
Turn   | Place    | Note
--------------------------------------------------------------
     0 | D:1      | Gagarin the Minotaur Fighter began the quest for the Orb.
     0 | D:1      | Reached XP level 1. HP: 19/19 MP: 0/0
   216 | D:1      | Reached XP level 2. HP: 27/27 MP: 1/1
   443 | D:1      | Reached skill level 4 in Shields
  1224 | D:2      | Found a faded altar to an unknown god.
  1227 | D:2      | Became a worshipper of Jiyva Jeotom the Shapeless
  1227 | D:2      | Reached * piety under Jiyva
  1376 | D:2      | Noticed Jessica
  1381 | D:2      | Killed Jessica
  1381 | D:2      | Reached XP level 3. HP: 33/33 MP: 2/2
  1409 | D:2      | Reached ** piety under Jiyva
  1420 | D:2      | Noticed Ijyb
  1440 | D:2      | Killed Ijyb
  1440 | D:2      | Reached skill level 1 in Dodging
  1440 | D:2      | Reached XP level 4. HP: 24/40 MP: 3/3
  1533 | D:2      | Found an ancient bone altar of Kikubaaqudgha.
  1949 | D:3      | Noticed a phantom
  1961 | D:3      | Killed a phantom
  1961 | D:3      | Reached skill level 5 in Shields
  1961 | D:3      | Reached XP level 5. HP: 28/47 MP: 4/4
  2141 | D:3      | Reached *** piety under Jiyva
  2143 | D:3      | Gained mutation: You are agile. (Dex +2) [Jiyva's grace]
  2490 | D:4      | Reached skill level 1 in Maces & Flails
  2510 | D:4      | Killed a slave
  2519 | D:4      | Reached XP level 6. HP: 20/53 MP: 5/5
  2523 | D:4      | Reached **** piety under Jiyva
  2540 | D:4      | Found a shadowy altar of Dithmenos.
  2603 | D:4      | Gained mutation: Your spells are a little harder to cast, but a little more powerful. [Jiyva's grace]
  2722 | D:4      | Killed Natasha
  2766 | D:4      | Noticed a slave
  2777 | D:4      | Killed a slave
  2832 | D:4      | Noticed Natasha
  2848 | D:4      | Killed Natasha
  2860 | D:4      | Noticed Sigmund
  2869 | D:4      | Killed Sigmund
  2869 | D:4      | Reached skill level 5 in Armour
  2869 | D:4      | Reached skill level 6 in Shields
  2875 | D:4      | Killed Natasha
  2901 | D:4      | Killed Pikel
  2942 | D:4      | Noticed a freed slave
  2965 | D:4      | Found a shattered altar of Ashenzari.
  2965 | D:4      | Found an oddly glowing altar of Pakellas.
  3009 | D:4      | Noticed a freed slave
  3029 | D:5      | Entered Level 5 of the Dungeon
  3051 | D:4      | Reached ***** piety under Jiyva
  3276 | D:5      | Lost mutation: You are agile. (Dex +2) [Jiyva's grace]
  3501 | D:5      | Found a staircase to the Ecumenical Temple.
  3552 | D:5      | Noticed an ice beast
  3562 | D:5      | Killed an ice beast
  3562 | D:5      | Reached skill level 5 in Fighting
  3614 | D:5      | Reached XP level 7. HP: 61/61 MP: 6/6
  4484 | D:6      | Reached skill level 1 in Stealth
  4564 | D:6      | Found a snail-covered altar of Cheibriados.
  4664 | D:6      | Reached skill level 7 in Shields
  5073 | D:6      | Reached XP level 8. HP: 69/69 MP: 7/7
  5246 | D:7      | Noticed Menkaure
  5308 | D:7      | Slain by Menkaure

Vault maps used:
D:1:      ncdulo_halloftheorcs, kennysheep_small_spiral
D:2:      kiku_gazebo_pond_becter, ecumenical_altar_1, first_bread,
          minmay_misc_feat_encased, uniq_iyjb, uniq_jessica
D:3:      corexii_shack
D:4:      gammafunk_temple_overflow_wave, nicolae_dithmenos_shadow_blocks,
          uniq_sigmund, uniq_pikel, uniq_natasha
D:5:      minmay_temple_entry_oklob
D:6:      slow_altar_1
D:7:      trog_eyes_of_draining, uniq_crazy_yiuf_cottage, uniq_menkaure

Action                   |  1- 3 |  4- 6 |  7- 9 || total
-------------------------+-------+-------+-------++-------
Melee: Long sword        |    24 |       |       ||    24
       Mace              |    50 |   124 |    85 ||   259
Invok: Request Jelly     |       |       |     4 ||     4
  Use: Scroll            |       |     2 |       ||     2
       Potion            |       |       |     2 ||     2
 Stab: Sleeping          |       |       |     2 ||     2
  Eat: Chunk             |     2 |       |       ||     2
